 Dungeon Crawl Stone Soup version 0.28.0-53-g5a82cb258f (webtiles) character file.

Game seed: 8221684637082330350

1619 cbfl8 the Cleaver (level 8, 0/109 HPs)
             Began as a Minotaur Berserker on July 27, 2022.
             Was a Priest of Trog.
             Succumbed to a killer bee's poison
             ... on level 6 of the Dungeon.
             The game lasted 00:05:59 (6918 turns).

cbfl8 the Cleaver (Minotaur Berserker)              Turns: 6918, Time: 00:05:59

Health: 0/109      AC: 12    Str: 23    XL:     8   Next: 64%
Magic:  7/7        EV:  4    Int:  4    God:    Trog [***...]
Gold:   317        SH: 10    Dex: 11    Spells: 7/7 levels left

rFire   . . .      SeeInvis .   f - +0 war axe
rCold   . . .      Faith    .   A - +0 tower shield
rNeg    . . .      Spirit   .   n - +0 plate armour
rPois   .          Reflect  .   (helmet restricted)
rElec   .          Harm     .   (no cloak)
rCorr   .          Rampage  .   (no gloves)
Will    .....                   (no boots)
Stlth   ..........              (no amulet)
HPRegen 0.28/turn               (no ring)
MPRegen 0.10/turn               (no ring)

@: berserking (expiring), lethally poisoned (0 -> -3), very quick
A: horns 2, retaliatory headbutt
a: Renounce Religion, Berserk, Trog's Hand


You were on level 6 of the Dungeon.
You worshipped Trog.
Trog was most pleased with you.
You visited 1 branch of the dungeon, and saw 6 of its levels.

You collected 317 gold pieces.

Inventory:

Hand Weapons
 f - a +0 war axe (weapon)
 v - the +4 whip "Killer Klown's Peril" {elec, Fly rF++}
   (You found it on level 4 of the Dungeon)

   It occasionally discharges a powerful burst of electricity upon striking a
   foe.
   rF:        It greatly protects you from fire.
   Fly:       It grants you flight.
Armour
 n - a +0 plate armour (worn)
 s - a +1 scale mail of poison resistance
 A - a +0 tower shield (worn)
Wands
 x - a wand of charming (7) (quivered)
Scrolls
 a - a scroll of brand weapon {unknown}
 c - 2 scrolls of enchant armour
 h - a scroll of blinking
 t - a scroll of noise
 y - a scroll of enchant weapon {unknown}
Potions
 b - a potion of mutation {unknown}
 d - a potion of curing {unknown}
 g - 2 potions of degeneration {unknown}
 j - 2 potions of attraction {unknown}
 k - 3 potions of haste {unknown}
 l - 2 potions of resistance
 m - a potion of heal wounds {unknown}
 o - a potion of brilliance {unknown}
 p - a potion of might {unknown}
 q - a potion of magic {unknown}
 r - a potion of cancellation {unknown}
 z - a potion of lignification {unknown}


   Skills:
 * Level 7.0 Fighting
 + Level 8.0 Axes
 + Level 1.2 Throwing
 + Level 5.9 Armour
 * Level 5.1 Dodging
 * Level 3.3 Stealth
 + Level 1.4 Shields


You had 7 spell levels left.
You didn't know any spells.
Your spell library was empty.

Dungeon Overview and Level Annotations

Branches:
Dungeon (6/15)             Temple (0/1) D:6

Altars:

Shops:
D:5 :


Innate Abilities, Weirdness & Mutations

You have a pair of horns on your head.
You reflexively headbutt those who attack you in melee.


Message History

The killer bee is severely wounded.
You barely miss the killer bee.
* * * LOW HITPOINT WARNING * * *
You feel very sick. The killer bee stings you.
* * * LOW HITPOINT WARNING * * *
You block the killer bee's attack. x2; The killer bee barely misses you.
You miss the killer bee.
The killer bee is severely wounded.
You barely miss the killer bee.
* * * LOW HITPOINT WARNING * * *
You feel very sick. You block the killer bee's attack.
The killer bee stings you but does no damage. x2
The killer bee stings you.
* * * LOW HITPOINT WARNING * * *
Unknown command.
You closely miss the killer bee.
The killer bee is severely wounded.
You slash the killer bee!
You kill the killer bee!
Trog accepts your kill.
* * * LOW HITPOINT WARNING * * *
You feel sick.
The killer bee stings you but does no damage.
You block the killer bee's attack. x2
Your Throwing skill increases to level 1!
You closely miss the killer bee. Your headbutt misses the killer bee.
The killer bee is severely wounded.
* * * LOW HITPOINT WARNING * * *
You feel sick.
The killer bee stings you but does no damage. x2
You slash the killer bee!
You feel the power of Trog in you as your rage grows.
You kill the killer bee!
Trog accepts your kill.
* * * LOW HITPOINT WARNING * * *
You feel sick.
Your Shields skill increases to level 1!
You die...

...... .......
........################
.................#.....###
.................#........
.........[.......#........
........†.†..8...#........
........†@†......#.....†..
§................#.....##.
§.......##########.....##.
§8......#.................
§§......#.......##.....##.
P§....[.#.......#########.
§.......#.......# #.
§.......'.......# #.
........#.......# #.


There were no monsters in sight!

Vanquished Creatures
  Grinder (D:3)
  A steam dragon (D:3)
  Eustachio (D:5)
  A black bear (D:4)
  An ice beast (D:5)
  A centaur (D:4)
  A gnoll sergeant (D:5)
  2 scorpions
  5 killer bees (D:6)
  A centaur zombie (D:5)
  A bullfrog zombie (D:6)
  An orc priest (D:3)
  A centaur skeleton (D:6)
  2 iguanas
  Terence (D:3)
  An orc wizard (D:3)
  Natasha (D:3)
  Robin (D:3)
  8 adders
  6 gnolls
  An adder skeleton (D:4)
  3 worms
  4 dart slugs
  6 orcs
  5 endoplasms
  6 giant cockroaches
  7 hobgoblins
  12 jackals
  3 quokkas
  8 ball pythons
  5 bats
  4 frilled lizards
  19 goblins
  6 kobolds
  A quokka skeleton (D:4)
  5 rats
  A bush (D:1)
134 creatures vanquished.

Vanquished Creatures (others)
  6 plants (D:1)
6 creatures vanquished.

Grand Total: 140 creatures vanquished

Notes
Turn   | Place    | Note
-------+----------+-------------------------------------------
     0 | D:1      | cbfl8 the Minotaur Berserker began the quest for the Orb.
     0 | D:1      | Reached XP level 1. HP: 19/19 MP: 0/0
   339 | D:1      | Reached XP level 2. HP: 26/27 MP: 1/1
   426 | D:1      | Reached skill level 4 in Axes
   998 | D:1      | Found a faded altar of an unknown god.
  1712 | D:2      | Reached XP level 3. HP: 27/33 MP: 2/2
  1951 | D:2      | Reached ** piety under Trog
  2515 | D:3      | Reached XP level 4. HP: 41/41 MP: 3/3
  2601 | D:3      | Noticed a steam dragon
  2607 | D:3      | Killed a steam dragon
  2608 | D:3      | Reached skill level 5 in Fighting
  2608 | D:3      | Reached skill level 5 in Axes
  2608 | D:3      | Reached skill level 1 in Stealth
  2608 | D:3      | Reached XP level 5. HP: 48/48 MP: 4/4
  2773 | D:3      | Noticed Robin
  2781 | D:3      | Reached XP level 6. HP: 56/56 MP: 5/5
  2789 | D:3      | Killed Robin
  2846 | D:3      | Noticed Grinder
  2852 | D:3      | Killed Grinder
  2853 | D:3      | Reached skill level 6 in Axes
  3254 | D:3      | Reached XP level 7. HP: 32/62 MP: 6/6
  3658 | D:3      | Noticed Terence
  3663 | D:3      | Killed Terence
  3754 | D:3      | Identified the +2 helmet of the Mantidfly {Int+2}
  3772 | D:3      | Noticed Natasha
  3783 | D:3      | Killed Natasha
  4443 | D:4      | Reached *** piety under Trog
  4458 | D:4      | Reached skill level 7 in Axes
  4467 | D:4      | HP: 4/94 [black bear (1)]
  4956 | D:4      | Identified the +4 whip "Killer Klown's Peril" {elec, Fly
                  | rF++}
  5472 | D:5      | Entered Level 5 of the Dungeon
  5538 | D:5      | Reached XP level 8. HP: 47/71 MP: 7/7
  5676 | D:5      | Reached skill level 5 in Armour
  5930 | D:5      | Found Eceixkit's Book Shoppe.
  6177 | D:5      | Noticed Eustachio
  6204 | D:5      | Killed Eustachio
  6825 | D:6      | Found a staircase to the Ecumenical Temple.
  6907 | D:6      | Reached skill level 5 in Dodging
  6908 | D:6      | Reached skill level 8 in Axes
  6914 | D:6      | HP: 5/109 [killer bee (4)]
  6916 | D:6      | Reached skill level 1 in Throwing
  6916 | D:6      | HP: 2/109 [poisoned by a killer bee]
  6918 | D:6      | Reached skill level 1 in Shields
  6918 | D:6      | Succumbed to a killer bee's poison

Illustrated notes

Levels and vault maps discovered:
D:1:      doesnt_arrival_eight_statues, layout_loops_corners,
          dreamdust_ecumenical_altar_statues, serial_forest,
          infiniplex_forest_clump_double, infiniplex_forest_clump_curved,
          infiniplex_forest_clump_diagonal, infiniplex_forest_clump_tiny,
          infiniplex_forest_clump_large, infiniplex_forest_lined_room_2,
          infiniplex_forest_lined_2
D:2:      layout_basic
D:3:      kennysheep_six_static_rooms, layout_basic, nrook_loot_triangle,
          uniq_terence, uniq_robin, uniq_grinder, uniq_natasha
D:4:      layout_cave_pools
D:5:      layout_rooms, serial_corexii_hall, corexii_hall_statues_i,
          corexii_hall_statues_t, serial_shops, nicolae_shop_behind_doors,
          uniq_eustachio
D:6:      layout_gridville, temple_green, serial_undead, serial_undead_d,
          serial_undead_d, serial_undead_e, serial_undead_e, serial_undead_a,
          serial_undead_d, serial_bayou_crossing

Skill      XL: |  1  2  3  4  5  6  7  8 |
---------------+-------------------------+-----
Fighting       | 4 5 6 7 |  7.0
Axes           | 4 5 6 7 8 |  8.0
Armour         | 3 4 5 |  5.9
Dodging        | 3 4 5 |  5.1
Stealth        | 1 2 3 |  3.3
Throwing       | 1 |  1.2
Shields        | 1 |  1.4

Action                   |  1- 3 |  4- 6 |  7- 9 || total
-------------------------+-------+-------+-------++-------
Melee: Hand axe          |   166 |     9 |       ||   175
       Headbutt          |    48 |     4 |    32 ||    84
       Punch             |     4 |       |       ||     4
       War axe           |       |    31 |   198 ||   229
Throw: Throwing net      |       |       |     1 ||     1
Invok: Berserk           |     1 |     2 |     3 ||     6
  Use: Scroll            |     3 |       |     3 ||     6
 Stab: Sleeping          |     1 |       |       ||     1
Armor: Animal skin       |     8 |       |       ||     8
       Scale mail        |    16 |     3 |       ||    19
       Plate armour      |       |    17 |   186 ||   203
Dodge: Dodged            |    36 |    10 |   103 ||   149
Block: Tower shield      |       |       |    25 ||    25
